Drummondville Voltigeurs vs Texas Stars

Created - 22 décembre 2017 at 19:02

Goals
1 2 3 T
Drummondville Voltigeurs 1 1 1 3
Texas Stars 3 1 1 5
Shots
1 2 3 T
Drummondville Voltigeurs 8 15 12 35
Texas Stars 19 10 10 39

1st period

1. Drummondville Voltigeurs , Jean-Sebastien Dea 7 (Kevin Rooney 11, Nick Sorensen 8) at 18:07
2. Texas Stars , Luke Witkowski 4 (Adam Pelech 4, Craig Cunningham 15) at 18:17
3. Texas Stars , Mike Sislo 11 (Jiri Hudler 18, Craig Cunningham 16) at 18:41
4. Texas Stars , Jiri Hudler 7 (Craig Cunningham 17) at 18:51

Penalties :
No Penalty

2nd period

5. Drummondville Voltigeurs , Curtis McKenzie 9 (Phillip Di Guiseppe 28, Tye McGinn 28) at 1:03
6. Texas Stars , Michael Bournival 18 (Luke Witkowski 12) at 18:54

Penalties :
No Penalty

3rd period

7. Drummondville Voltigeurs , Jean-Sebastien Dea 8 (Nick Sorensen 9) at 8:09
8. Texas Stars , Jiri Hudler 8 (Craig Cunningham 18) at 10:20

Penalties :
Curtis McKenzie (VOL) for High sticking (Minor) at 2:19, Kevin Connauton (VOL) for Holding (Minor) at 12:15

Goalie Stats

Nick Ellis (VOL), 34 saves from 39 shots - (0,872), L, 13-11-2, 60:00 minutes
Malcolm Subban (STA), 32 saves from 35 shots - (0,914), W, 13-12-4, 60:00 minutes

Players Stats for Drummondville Voltigeurs

Player Name              G  A  P  +/- PIM S  H  SB GA TA FO     MP     PP MP  PK MP  
------------------------------------------------------------------------------------
Alex Grant               0  0  0  -4  0   1  0  0  1  0  0/0    22:24   0:00   2:33 
Chris Thorburn           0  0  0   0  0   3  2  2  0  0  0/1    17:40   0:00   0:22 
Curtis McKenzie          1  0  1  -4  2   4  1  3  0  1  1/4    21:49   0:00   1:00 
Derek Grant              0  0  0   0  0   3  1  1  1  0  1/5    17:36   0:00   0:25 
Jean-Sebastien Dea       2  0  2   2  0   3  3  0  1  0  1/4    16:10   0:00   0:43 
Julius Honka             0  0  0   2  0   2  0  0  0  0  0/0    18:55   0:00   1:25 
Kevin Connauton          0  0  0  -4  2   2  0  2  0  5  0/0    26:03   0:00   1:15 
Kevin Rooney             0  1  1   2  0   2  1  0  0  0  1/2    17:11   0:00   1:50 
Kevin Tansey             0  0  0   0  0   1  0  3  1  0  0/0    14:53   0:00   1:02 
Mark Olver               0  0  0   0  0   1  1  0  0  0  1/4     7:57   0:00   0:00 
Mike Downing             0  0  0   0  0   0  0  0  0  0  0/0     5:38   0:00   0:16 
Nick Sorensen            0  2  2   2  0   1  1  0  0  1  0/1    15:35   0:00   0:00 
Phillip Di Guiseppe      0  1  1  -4  0   5  0  0  2  0  1/3    18:45   0:00   2:05 
Sam Henley               0  0  0   0  0   1  0  0  0  0  0/1     7:22   0:00   0:00 
Sergei Boikov            0  0  0   0  0   1  3  2  0  0  0/0    13:43   0:00   0:00 
Seth Helgeson            0  0  0   2  0   1  2  0  0  0  0/0    18:55   0:00   1:25 
Tye McGinn               0  1  1  -4  0   2  0  0  0  0  8/27   17:58   0:00   1:31 
Tyler Pitlick            0  0  0   0  0   2  2  1  2  1  1/1    17:26   0:00   0:00 

Players Stats for Texas Stars

Player Name              G  A  P  +/- PIM S  H  SB GA TA FO     MP     PP MP  PK MP  
------------------------------------------------------------------------------------
Adam Pelech              0  1  1   4  0   2  3  3  0  0  0/0    27:01   2:22   0:00 
Brooks Laich             0  0  0   1  0   1  0  0  1  0  0/0    18:49   1:52   0:00 
Colin Blackwell          0  0  0   0  0   0  1  0  0  0  0/0     2:14   0:00   0:00 
Craig Cunningham         0  4  4   3  0   10 2  0  0  0  0/1    19:04   2:06   0:00 
Damir Sharipzianov       0  0  0   0  0   2  1  0  0  0  0/0    14:52   0:00   0:00 
Danick Martel            0  0  0  -1  0   0  0  0  0  0  0/0     7:17   0:00   0:00 
Garnet Hathaway          0  0  0  -1  0   0  0  0  0  1  6/6    14:23   0:00   0:00 
Jacob Graves             0  0  0  -2  0   1  4  1  0  3  0/0    22:41   1:36   0:00 
Jiri Hudler              2  1  3   2  0   7  2  1  1  0  18/27  23:18   2:06   0:00 
Joseph Cramarossa        0  0  0  -1  0   0  3  0  1  0  2/2     7:31   0:00   0:00 
Luke Johnson             0  0  0   0  0   0  0  0  0  0  0/0     4:48   0:00   0:00 
Luke Witkowski           1  1  2   4  0   4  4  2  0  1  0/0    26:32   2:22   0:00 
Michael Bournival        1  0  1   1  0   4  1  2  2  0  2/2    18:57   1:52   0:00 
Michael Dal Colle        0  0  0  -1  0   0  2  2  0  0  0/0    16:00   0:00   0:00 
Mike Sislo               1  0  1   3  0   2  3  0  0  0  3/4    19:09   2:06   0:00 
Phil Varone              0  0  0   1  0   1  3  0  0  0  7/11   19:04   1:52   0:00 
Ryan Murphy              0  0  0  -2  0   5  2  1  2  2  0/0    24:24   1:36   0:00 
Tobias Lindberg          0  0  0  -1  0   0  3  0  1  1  0/0    13:56   0:00   0:00 

3 Stars

1 - Jiri Hudler (STA)
2 - Luke Witkowski (STA)
3 - Craig Cunningham (STA)

Power Play

Drummondville Voltigeurs - 0 on 0 Attempt(s) - 0,00%
Texas Stars - 0 on 2 Attempt(s) - 0,00%

Penalty Kill

Drummondville Voltigeurs - 2 on 2 Attempt(s) - 100,00% - Score 0 goal in Penalty Kill
Texas Stars - 0 on 0 Attempt(s) - 0,00% - Score 0 goal in Penalty Kill

Team Stat

Drummondville Voltigeurs - Hits : 17 - Faceoff Wins : 15 - Blocked Shots : 14 - Penalty Minutes : 4
Texas Stars - Hits : 34 - Faceoff Wins : 38 - Blocked Shots : 12 - Penalty Minutes : 0

Official

Referees : Trevor Hanson and Eric Furlatt
Linesman : Steve Miller and Thor Nelson

Game Notes

No Game Note

Finance

Level 1 -- Attendance: 1578 (78,90%) -- Ticket Income 55 230 $
Level 2 -- Attendance: 780 (78,00%) -- Ticket Income 11 700 $
Total Attendance: 2358 (78,60%)
Total Ticket Income: 66 930 $
Other Income: 32 796 $
Total Income: 99 726 $

Drummondville Voltigeurs

5 vs 5 Forward 
   Center                   Left Wing                Right Wing               Time % Phy DF OF 
 1 Tye McGinn               Curtis McKenzie          Phillip Di Guiseppe      40     1   2  2  
 2 Derek Grant              Chris Thorburn           Tyler Pitlick            30     1   2  2  
 3 Jean-Sebastien Dea       Kevin Rooney             Nick Sorensen            20     1   2  2  
 4 Mark Olver               Sam Henley               Curtis McKenzie          10     1   2  2  

5 vs 5 Defense 
   Defense                  Defense                                           Time % Phy DF OF 
 1 Kevin Connauton          Alex Grant                                        40     1   2  2  
 2 Julius Honka             Seth Helgeson                                     30     1   2  2  
 3 Sergei Boikov            Kevin Tansey                                      20     1   2  2  
 4 Mike Downing             Kevin Connauton                                   10     1   2  2  

PowerPlay Forward 
   Center                   Left Wing                Right Wing               Time % Phy DF OF 
 1 Tye McGinn               Curtis McKenzie          Phillip Di Guiseppe      60     1   2  2  
 2 Derek Grant              Chris Thorburn           Tyler Pitlick            40     1   2  2  

PowerPlay Defense
   Defense                  Defense                                           Time % Phy DF OF 
 1 Kevin Connauton          Alex Grant                                        60     1   2  2  
 2 Julius Honka             Seth Helgeson                                     40     1   2  2  

Penalty Kill 4 Players Forward 
   Center                   Wing                     Time % Phy DF OF 
 1 Curtis McKenzie          Phillip Di Guiseppe      60     1   2  2  
 2 Tye McGinn               Derek Grant              40     1   2  2  

Penalty Kill 4 Players Defense
   Defense                  Defense                  Time % Phy DF OF 
 1 Kevin Connauton          Alex Grant               60     1   2  2  
 2 Julius Honka             Seth Helgeson            40     1   2  2  

Penalty Kill - 3 Players Forward 
   Forward                                           Time % Phy DF OF 
 1 Curtis McKenzie                                   60     1   2  2  
 2 Phillip Di Guiseppe                               40     1   2  2  

Penalty Kill - 3 Players Defense
   Defense                  Defense                  Time % Phy DF OF 
 1 Kevin Connauton          Alex Grant               60     1   2  2  
 2 Julius Honka             Seth Helgeson            40     1   2  2  

4 vs 4 Forward 
   Center                   Wing                     Time % Phy DF OF 
 1 Curtis McKenzie          Phillip Di Guiseppe      60     1   2  2  
 2 Tye McGinn               Derek Grant              40     1   2  2  

4 vs 4 Defense
   Defense                  Defense                  Time % Phy DF OF 
 1 Kevin Connauton          Alex Grant               60     1   2  2  
 2 Julius Honka             Seth Helgeson            40     1   2  2  

Last Minutes Offensive
   Center                   Left Wing                Right Wing               Defense                  Defense                  
   Tye McGinn               Curtis McKenzie          Phillip Di Guiseppe      Kevin Connauton          Alex Grant               

Last Minutes Defensive
   Center                   Left Wing                Right Wing               Defense                  Defense                  
   Tye McGinn               Curtis McKenzie          Phillip Di Guiseppe      Kevin Connauton          Alex Grant               

Goaltenders
Starting : Nick Ellis               
Backup : Adam Wilcox              

Extra Forwards
Normal : Jean-Sebastien Dea, Nick Sorensen, Kevin Rooney - PP : Jean-Sebastien Dea, Nick Sorensen - PK : Kevin Rooney
Extra Defensemen
Normal : Sergei Boikov, Kevin Tansey, Mike Downing - PP : Sergei Boikov - PK : Kevin Tansey, Mike Downing
Penalty Shots
Curtis McKenzie, Phillip Di Guiseppe, Tye McGinn, Derek Grant, Chris Thorburn

Scratches
Ahti Oksanen (Healthy), Joe Cannata (Healthy)

Texas Stars

5 vs 5 Forward 
   Center                   Left Wing                Right Wing               Time % Phy DF OF 
 1 Jiri Hudler              Craig Cunningham         Mike Sislo               40     1   2  2  
 2 Phil Varone              Brooks Laich             Michael Bournival        30     1   2  2  
 3 Garnet Hathaway          Michael Dal Colle        Tobias Lindberg          20     1   2  2  
 4 Joseph Cramarossa        Danick Martel            Jiri Hudler              10     1   2  2  

5 vs 5 Defense 
   Defense                  Defense                                           Time % Phy DF OF 
 1 Adam Pelech              Luke Witkowski                                    40     1   2  2  
 2 Ryan Murphy              Jacob Graves                                      30     1   2  2  
 3 Damir Sharipzianov       Adam Pelech                                       20     1   2  2  
 4 Luke Witkowski           Ryan Murphy                                       10     1   2  2  

PowerPlay Forward 
   Center                   Left Wing                Right Wing               Time % Phy DF OF 
 1 Jiri Hudler              Craig Cunningham         Mike Sislo               60     1   2  2  
 2 Phil Varone              Brooks Laich             Michael Bournival        40     1   2  2  

PowerPlay Defense
   Defense                  Defense                                           Time % Phy DF OF 
 1 Adam Pelech              Luke Witkowski                                    60     1   2  2  
 2 Ryan Murphy              Jacob Graves                                      40     1   2  2  

Penalty Kill 4 Players Forward 
   Center                   Wing                     Time % Phy DF OF 
 1 Jiri Hudler              Craig Cunningham         60     1   2  2  
 2 Phil Varone              Mike Sislo               40     1   2  2  

Penalty Kill 4 Players Defense
   Defense                  Defense                  Time % Phy DF OF 
 1 Adam Pelech              Luke Witkowski           60     1   2  2  
 2 Ryan Murphy              Jacob Graves             40     1   2  2  

Penalty Kill - 3 Players Forward 
   Forward                                           Time % Phy DF OF 
 1 Jiri Hudler                                       60     1   2  2  
 2 Craig Cunningham                                  40     1   2  2  

Penalty Kill - 3 Players Defense
   Defense                  Defense                  Time % Phy DF OF 
 1 Adam Pelech              Luke Witkowski           60     1   2  2  
 2 Ryan Murphy              Jacob Graves             40     1   2  2  

4 vs 4 Forward 
   Center                   Wing                     Time % Phy DF OF 
 1 Jiri Hudler              Craig Cunningham         60     1   2  2  
 2 Phil Varone              Mike Sislo               40     1   2  2  

4 vs 4 Defense
   Defense                  Defense                  Time % Phy DF OF 
 1 Adam Pelech              Luke Witkowski           60     1   2  2  
 2 Ryan Murphy              Jacob Graves             40     1   2  2  

Last Minutes Offensive
   Center                   Left Wing                Right Wing               Defense                  Defense                  
   Jiri Hudler              Craig Cunningham         Mike Sislo               Adam Pelech              Luke Witkowski           

Last Minutes Defensive
   Center                   Left Wing                Right Wing               Defense                  Defense                  
   Jiri Hudler              Craig Cunningham         Mike Sislo               Adam Pelech              Luke Witkowski           

Goaltenders
Starting : Malcolm Subban           
Backup : Richard Bachman          

Extra Forwards
Normal : Luke Johnson, Colin Blackwell, Michael Dal Colle - PP : Luke Johnson, Colin Blackwell - PK : Michael Dal Colle
Extra Defensemen
Normal : Damir Sharipzianov, Jacob Graves, Adam Pelech - PP : Damir Sharipzianov - PK : Jacob Graves, Adam Pelech
Penalty Shots
Jiri Hudler, Craig Cunningham, Phil Varone, Mike Sislo, Brooks Laich

Scratches
Alex Schoenborn (Healthy), Brad Hunt (Broken Left Index Finger Injury), Dustin Tokarski (Healthy)

% Time on Ice - Drummondville Voltigeurs

Lines # - Real PCT - Wanted PCT - Time Play
Normal Forward
1 - 30% - 40% - 16:36
2 - 34% - 30% - 18:50
3 - 24% - 20% - 13:14
4 - 13% - 10% - 7:22
Normal Defense
1 - 35% - 40% - 19:51
2 - 31% - 30% - 17:30
3 - 24% - 20% - 13:43
4 - 9% - 10% - 4:58
PP Forward
1 - 0% - 60%
2 - 0% - 40%
PP Defense
1 - 0% - 60%
2 - 0% - 40%
PK Forward
1 - 91% - 60% - 3:36
2 - 9% - 40% - 0:22
PK Defense
1 - 64% - 60% - 2:33
2 - 36% - 40% - 1:25
PK3 Forward
1 - 0% - 60%
2 - 0% - 40%
PK3 Defense
1 - 0% - 60%
2 - 0% - 40%
44 Forward
1 - 0% - 60%
2 - 0% - 40%
44 Defense
1 - 0% - 60%
2 - 0% - 40%
Last Minute Offensive  - 0:00
Last Minute Defensive  - 0:00
Total
Forward - 60:00
Defense - 60:00

% Time on Ice - Texas Stars

Lines # - Real PCT - Wanted PCT - Time Play
Normal Forward
1 - 30% - 40% - 16:53
2 - 34% - 30% - 19:01
3 - 23% - 20% - 13:10
4 - 12% - 10% - 6:58
Normal Defense
1 - 35% - 40% - 19:36
2 - 35% - 30% - 19:31
3 - 20% - 20% - 11:24
4 - 10% - 10% - 5:31
PP Forward
1 - 53% - 60% - 2:06
2 - 47% - 40% - 1:52
PP Defense
1 - 60% - 60% - 2:22
2 - 40% - 40% - 1:36
PK Forward
1 - 0% - 60%
2 - 0% - 40%
PK Defense
1 - 0% - 60%
2 - 0% - 40%
PK3 Forward
1 - 0% - 60%
2 - 0% - 40%
PK3 Defense
1 - 0% - 60%
2 - 0% - 40%
44 Forward
1 - 0% - 60%
2 - 0% - 40%
44 Defense
1 - 0% - 60%
2 - 0% - 40%
Last Minute Offensive  - 0:00
Last Minute Defensive  - 0:00
Total
Forward - 60:00
Defense - 60:00

Play by Play

1st period


0:01 of 1st period - Phillip Di Guiseppe wins face-off versus Mike Sislo in neutral zone.
0:14 of 1st period - Wrist shot by Tye McGinn.
0:14 of 1st period - Shot Blocked by Adam Pelech.
1:34 of 1st period - Off-side.
1:35 of 1st period - Phil Varone wins face-off versus Derek Grant in neutral zone.
1:38 of 1st period - Snap shot by Michael Bournival.
1:38 of 1st period - Stopped by Nick Ellis with a rebound.
1:40 of 1st period - Snap shot by Phil Varone.
1:40 of 1st period - Shot Blocked by Derek Grant.
1:42 of 1st period - Slapshot by Ryan Murphy.
1:42 of 1st period - Stopped by Nick Ellis with a rebound.
1:44 of 1st period - Wrist shot by Ryan Murphy.
1:44 of 1st period - Shot Blocked by Tyler Pitlick.
2:21 of 1st period - Wrist shot by Tye McGinn.
2:21 of 1st period - Stopped by Malcolm Subban with a rebound.
2:25 of 1st period - Snap shot by Tye McGinn.
2:25 of 1st period - Stopped by Malcolm Subban with a rebound.
3:05 of 1st period - Snap shot by Jean-Sebastien Dea.
3:05 of 1st period - Shot Misses the Net.
3:18 of 1st period - Icing by Alex Grant.
3:19 of 1st period - Tye McGinn wins face-off versus Phil Varone in Drummondville Voltigeurs zone.
3:47 of 1st period - Snap shot by Tyler Pitlick.
3:47 of 1st period - Shot Blocked by Michael Dal Colle.
3:53 of 1st period - Snap shot by Michael Dal Colle.
3:53 of 1st period - Shot Misses the Net.
4:20 of 1st period - Seth Helgeson is hit by Jacob Graves and loses puck.
5:23 of 1st period - Sergei Boikov is hit by Jacob Graves and loses puck.
5:41 of 1st period - Icing by Jacob Graves.
5:42 of 1st period - Garnet Hathaway wins face-off versus Jean-Sebastien Dea in Texas Stars zone.
5:42 of 1st period - Garnet Hathaway is hit by Nick Sorensen.
5:57 of 1st period - Slapshot by Craig Cunningham.
5:57 of 1st period - Stopped by Nick Ellis with a rebound.
6:07 of 1st period - Luke Witkowski is hit by Derek Grant and loses puck.
6:29 of 1st period - Off-side.
6:30 of 1st period - Garnet Hathaway wins face-off versus Tye McGinn in neutral zone.
6:44 of 1st period - Alex Grant is hit by Ryan Murphy.
6:58 of 1st period - Snap shot by Jiri Hudler.
6:58 of 1st period - Stopped by Nick Ellis with a rebound.
7:00 of 1st period - Snap shot by Craig Cunningham.
7:00 of 1st period - Stopped by Nick Ellis with a rebound.
7:05 of 1st period - Off-side.
7:06 of 1st period - Derek Grant wins face-off versus Jiri Hudler in neutral zone.
7:11 of 1st period - Snap shot by Derek Grant.
7:11 of 1st period - Shot Misses the Net.
7:17 of 1st period - Wrist shot by Tyler Pitlick.
7:17 of 1st period - Shot Blocked by Ryan Murphy.
7:55 of 1st period - Snap shot by Phil Varone.
7:55 of 1st period - Stopped by Nick Ellis with a rebound.
7:57 of 1st period - Snap shot by Brooks Laich.
7:57 of 1st period - Shot Blocked by Kevin Tansey.
7:59 of 1st period - Wrist shot by Luke Witkowski.
7:59 of 1st period - Stopped by Nick Ellis without a rebound.
8:00 of 1st period - Tye McGinn wins face-off versus Phil Varone in Drummondville Voltigeurs zone.
8:00 of 1st period - Tye McGinn is hit by Phil Varone.
8:12 of 1st period - Snap shot by Curtis McKenzie.
8:12 of 1st period - Shot Misses the Net.
8:32 of 1st period - Slapshot by Julius Honka.
8:32 of 1st period - Stopped by Malcolm Subban with a rebound.
9:38 of 1st period - Wrist shot by Nick Sorensen.
9:38 of 1st period - Stopped by Malcolm Subban without a rebound.
9:39 of 1st period - Joseph Cramarossa wins face-off versus Tye McGinn in Texas Stars zone.
10:21 of 1st period - Alex Grant is hit by Michael Dal Colle and loses puck.
10:47 of 1st period - Snap shot by Michael Dal Colle.
10:47 of 1st period - Shot Blocked by Chris Thorburn.
11:03 of 1st period - Slapshot by Garnet Hathaway.
11:03 of 1st period - Shot Misses the Net.
11:05 of 1st period - Snap shot by Garnet Hathaway.
11:05 of 1st period - Shot Misses the Net.
11:07 of 1st period - Snap shot by Luke Witkowski.
11:07 of 1st period - Stopped by Nick Ellis without a rebound.
11:08 of 1st period - Jiri Hudler wins face-off versus Tye McGinn in Drummondville Voltigeurs zone.
11:09 of 1st period - Snap shot by Craig Cunningham.
11:09 of 1st period - Stopped by Nick Ellis with a rebound.
12:04 of 1st period - Phil Varone is hit by Sergei Boikov and loses puck.
12:46 of 1st period - Jean-Sebastien Dea is hit by Luke Witkowski and loses puck.
12:57 of 1st period - Nick Sorensen is hit by Joseph Cramarossa and loses puck.
14:34 of 1st period - Snap shot by Phil Varone.
14:34 of 1st period - Shot Misses the Net.
14:48 of 1st period - Slapshot by Craig Cunningham.
14:48 of 1st period - Stopped by Nick Ellis without a rebound.
14:49 of 1st period - Mark Olver wins face-off versus Phil Varone in Drummondville Voltigeurs zone.
15:36 of 1st period - Luke Witkowski is hit by Seth Helgeson and loses puck.
15:53 of 1st period - Snap shot by Chris Thorburn.
15:53 of 1st period - Stopped by Malcolm Subban without a rebound.
15:54 of 1st period - Phil Varone wins face-off versus Derek Grant in Texas Stars zone.
16:45 of 1st period - Chris Thorburn is hit by Jiri Hudler and loses puck.
17:00 of 1st period - Snap shot by Tyler Pitlick.
17:00 of 1st period - Shot Misses the Net.
17:04 of 1st period - Wrist shot by Derek Grant.
17:04 of 1st period - Stopped by Malcolm Subban with a rebound.
17:06 of 1st period - Snap shot by Chris Thorburn.
17:06 of 1st period - Shot Blocked by Michael Bournival.
17:08 of 1st period - Backhand shot by Seth Helgeson.
17:08 of 1st period - Shot Misses the Net.
17:10 of 1st period - Wrist shot by Kevin Tansey.
17:10 of 1st period - Stopped by Malcolm Subban with a rebound.
17:12 of 1st period - Wrist shot by Tyler Pitlick.
17:12 of 1st period - Shot Misses the Net.
17:24 of 1st period - Phil Varone is hit by Tyler Pitlick and loses puck.
17:29 of 1st period - Snap shot by Tyler Pitlick.
17:29 of 1st period - Deflect By Derek Grant.
17:29 of 1st period - Shot Blocked by Michael Bournival.
17:29 of 1st period - Puck is out of play.
17:30 of 1st period - Jiri Hudler wins face-off versus Tye McGinn in Texas Stars zone.
17:35 of 1st period - Tye McGinn is hit by Craig Cunningham and loses puck.
17:53 of 1st period - Icing by Adam Pelech.
17:54 of 1st period - Garnet Hathaway wins face-off versus Jean-Sebastien Dea in Texas Stars zone.
18:05 of 1st period - Wrist shot by Kevin Rooney.
18:05 of 1st period - Shot Misses the Net.
18:07 of 1st period - Wrist shot by Jean-Sebastien Dea.
18:07 of 1st period - Goal by Jean-Sebastien Dea - Drummondville Voltigeurs : 1 - Texas Stars : 0.
18:08 of 1st period - Jiri Hudler wins face-off versus Tye McGinn in neutral zone.
18:13 of 1st period - Snap shot by Craig Cunningham.
18:13 of 1st period - Stopped by Nick Ellis with a rebound.
18:15 of 1st period - Slapshot by Adam Pelech.
18:15 of 1st period - Shot Misses the Net.
18:17 of 1st period - Slapshot by Luke Witkowski.
18:17 of 1st period - Goal by Luke Witkowski - Drummondville Voltigeurs : 1 - Texas Stars : 1.
18:18 of 1st period - Jiri Hudler wins face-off versus Tye McGinn in neutral zone.
18:29 of 1st period - Wrist shot by Jiri Hudler.
18:29 of 1st period - Stopped by Nick Ellis with a rebound.
18:31 of 1st period - Slapshot by Craig Cunningham.
18:31 of 1st period - Stopped by Nick Ellis without a rebound.
18:32 of 1st period - Jiri Hudler wins face-off versus Tye McGinn in Drummondville Voltigeurs zone.
18:33 of 1st period - Snap shot by Craig Cunningham.
18:33 of 1st period - Stopped by Nick Ellis with a rebound.
18:35 of 1st period - Snap shot by Mike Sislo.
18:35 of 1st period - Stopped by Nick Ellis without a rebound.
18:36 of 1st period - Jiri Hudler wins face-off versus Tye McGinn in Drummondville Voltigeurs zone.
18:39 of 1st period - Snap shot by Jiri Hudler.
18:39 of 1st period - Stopped by Nick Ellis with a rebound.
18:41 of 1st period - Wrist shot by Mike Sislo.
18:41 of 1st period - Goal by Mike Sislo - Drummondville Voltigeurs : 1 - Texas Stars : 2.
18:42 of 1st period - Jiri Hudler wins face-off versus Tye McGinn in neutral zone.
18:51 of 1st period - Wrist shot by Jiri Hudler.
18:51 of 1st period - Goal by Jiri Hudler - Drummondville Voltigeurs : 1 - Texas Stars : 3.
18:52 of 1st period - Jiri Hudler wins face-off versus Curtis McKenzie in neutral zone.
19:23 of 1st period - Wrist shot by Tyler Pitlick.
19:23 of 1st period - Deflect By Phil Varone.
19:23 of 1st period - Shot Misses the Net.
19:23 of 1st period - Puck is out of play.
19:24 of 1st period - Phil Varone wins face-off versus Tye McGinn in Texas Stars zone.
19:51 of 1st period - Mike Sislo is hit by Jean-Sebastien Dea and loses puck.
Goals for this period are 1 for Drummondville Voltigeurs vs 3 for Texas Stars.
Shots for this period are 8 for Drummondville Voltigeurs vs 19 for Texas Stars.

2nd period


0:01 of 2nd period - Jiri Hudler wins face-off versus Tye McGinn in neutral zone.
0:04 of 2nd period - Wrist shot by Craig Cunningham.
0:04 of 2nd period - Stopped by Nick Ellis without a rebound.
0:05 of 2nd period - Jiri Hudler wins face-off versus Curtis McKenzie in Drummondville Voltigeurs zone.
0:06 of 2nd period - Snap shot by Craig Cunningham.
0:06 of 2nd period - Shot Blocked by Curtis McKenzie.
0:18 of 2nd period - Snap shot by Phillip Di Guiseppe.
0:18 of 2nd period - Stopped by Malcolm Subban without a rebound.
0:19 of 2nd period - Jiri Hudler wins face-off versus Tye McGinn in Texas Stars zone.
0:32 of 2nd period - Wrist shot by Jiri Hudler.
0:32 of 2nd period - Shot Hit the Post.
0:34 of 2nd period - Slapshot by Adam Pelech.
0:34 of 2nd period - Stopped by Nick Ellis with a rebound.
0:44 of 2nd period - Luke Witkowski is hit by Chris Thorburn and loses puck.
0:49 of 2nd period - Snap shot by Tyler Pitlick.
0:49 of 2nd period - Stopped by Malcolm Subban with a rebound.
0:51 of 2nd period - Snap shot by Chris Thorburn.
0:51 of 2nd period - Shot Misses the Net.
0:53 of 2nd period - Wrist shot by Tyler Pitlick.
0:53 of 2nd period - Stopped by Malcolm Subban without a rebound.
0:54 of 2nd period - Tye McGinn wins face-off versus Jiri Hudler in Texas Stars zone.
1:03 of 2nd period - Snap shot by Curtis McKenzie.
1:03 of 2nd period - Goal by Curtis McKenzie - Drummondville Voltigeurs : 2 - Texas Stars : 3.
1:04 of 2nd period - Jiri Hudler wins face-off versus Tye McGinn in neutral zone.
1:39 of 2nd period - Off-side.
1:40 of 2nd period - Phil Varone wins face-off versus Tye McGinn in neutral zone.
1:49 of 2nd period - Wrist shot by Phil Varone.
1:49 of 2nd period - Shot Blocked by Curtis McKenzie.
1:51 of 2nd period - Wrist shot by Michael Bournival.
1:51 of 2nd period - Stopped by Nick Ellis with a rebound.
1:53 of 2nd period - Snap shot by Phil Varone.
1:53 of 2nd period - Shot Misses the Net.
2:27 of 2nd period - Wrist shot by Derek Grant.
2:27 of 2nd period - Stopped by Malcolm Subban with a rebound.
2:29 of 2nd period - Slapshot by Julius Honka.
2:29 of 2nd period - Shot Misses the Net.
2:31 of 2nd period - Wrist shot by Seth Helgeson.
2:31 of 2nd period - Stopped by Malcolm Subban with a rebound.
2:33 of 2nd period - Snap shot by Tyler Pitlick.
2:33 of 2nd period - Deflect By Derek Grant.
2:33 of 2nd period - Shot Misses the Net.
2:33 of 2nd period - Puck is out of play.
2:34 of 2nd period - Phil Varone wins face-off versus Tye McGinn in Texas Stars zone.
3:22 of 2nd period - Backhand shot by Nick Sorensen.
3:22 of 2nd period - Shot Blocked by Luke Witkowski.
3:24 of 2nd period - Backhand shot by Kevin Connauton.
3:24 of 2nd period - Stopped by Malcolm Subban without a rebound.
3:25 of 2nd period - Garnet Hathaway wins face-off versus Nick Sorensen in Texas Stars zone.
3:30 of 2nd period - Slapshot by Ryan Murphy.
3:30 of 2nd period - Shot Misses the Net.
3:32 of 2nd period - Wrist shot by Tobias Lindberg.
3:32 of 2nd period - Shot Misses the Net.
3:34 of 2nd period - Slapshot by Garnet Hathaway.
3:34 of 2nd period - Shot Misses the Net.
3:36 of 2nd period - Slapshot by Jacob Graves.
3:36 of 2nd period - Shot Misses the Net.
3:38 of 2nd period - Slapshot by Ryan Murphy.
3:38 of 2nd period - Shot Blocked by Kevin Tansey.
3:40 of 2nd period - Wrist shot by Garnet Hathaway.
3:40 of 2nd period - Shot Misses the Net.
3:42 of 2nd period - Slapshot by Jacob Graves.
3:42 of 2nd period - Deflect By Nick Sorensen.
3:42 of 2nd period - Stopped by Nick Ellis with a rebound.
3:44 of 2nd period - Slapshot by Ryan Murphy.
3:44 of 2nd period - Stopped by Nick Ellis with a rebound.
3:46 of 2nd period - Slapshot by Ryan Murphy.
3:46 of 2nd period - Stopped by Nick Ellis with a rebound.
4:10 of 2nd period - Garnet Hathaway is hit by Sergei Boikov.
4:16 of 2nd period - Slapshot by Kevin Rooney.
4:16 of 2nd period - Stopped by Malcolm Subban with a rebound.
4:18 of 2nd period - Snap shot by Kevin Rooney.
4:18 of 2nd period - Shot Misses the Net.
4:20 of 2nd period - Wrist shot by Jean-Sebastien Dea.
4:20 of 2nd period - Deflect By Kevin Rooney.
4:20 of 2nd period - Shot Blocked by Luke Witkowski.
4:20 of 2nd period - Puck is out of play.
4:21 of 2nd period - Mike Sislo wins face-off versus Phillip Di Guiseppe in Texas Stars zone.
4:46 of 2nd period - Michael Bournival is hit by Tyler Pitlick and loses puck.
5:05 of 2nd period - Snap shot by Kevin Connauton.
5:05 of 2nd period - Shot Blocked by Adam Pelech.
5:07 of 2nd period - Snap shot by Alex Grant.
5:07 of 2nd period - Stopped by Malcolm Subban with a rebound.
5:11 of 2nd period - Wrist shot by Curtis McKenzie.
5:11 of 2nd period - Stopped by Malcolm Subban without a rebound.
5:12 of 2nd period - Phil Varone wins face-off versus Derek Grant in Texas Stars zone.
5:35 of 2nd period - Phillip Di Guiseppe is hit by Mike Sislo and loses puck.
6:02 of 2nd period - Wrist shot by Garnet Hathaway.
6:02 of 2nd period - Shot Blocked by Sergei Boikov.
6:12 of 2nd period - Snap shot by Mark Olver.
6:12 of 2nd period - Stopped by Malcolm Subban without a rebound.
6:13 of 2nd period - Joseph Cramarossa wins face-off versus Sam Henley in Texas Stars zone.
6:20 of 2nd period - Snap shot by Jiri Hudler.
6:20 of 2nd period - Shot Misses the Net.
6:22 of 2nd period - Snap shot by Damir Sharipzianov.
6:22 of 2nd period - Stopped by Nick Ellis with a rebound.
6:24 of 2nd period - Snap shot by Adam Pelech.
6:24 of 2nd period - Deflect By Mark Olver.
6:24 of 2nd period - Stopped by Nick Ellis with a rebound.
6:26 of 2nd period - Slapshot by Damir Sharipzianov.
6:26 of 2nd period - Stopped by Nick Ellis with a rebound.
7:03 of 2nd period - Kevin Rooney is hit by Michael Dal Colle and loses puck.
7:48 of 2nd period - Tyler Pitlick is hit by Jacob Graves and loses puck.
7:55 of 2nd period - Seth Helgeson is hit by Tobias Lindberg and loses puck.
8:27 of 2nd period - Icing by Julius Honka.
8:28 of 2nd period - Jean-Sebastien Dea wins face-off versus Phil Varone in Drummondville Voltigeurs zone.
8:35 of 2nd period - Brooks Laich is hit by Seth Helgeson and loses puck.
9:08 of 2nd period - Wrist shot by Tobias Lindberg.
9:08 of 2nd period - Shot Misses the Net.
9:10 of 2nd period - Slapshot by Luke Witkowski.
9:10 of 2nd period - Shot Misses the Net.
9:20 of 2nd period - Julius Honka is hit by Tobias Lindberg and loses puck.
9:38 of 2nd period - Snap shot by Nick Sorensen.
9:38 of 2nd period - Deflect By Jean-Sebastien Dea.
9:38 of 2nd period - Stopped by Malcolm Subban with a rebound.
9:59 of 2nd period - Kevin Tansey is hit by Craig Cunningham and loses puck.
11:26 of 2nd period - Phillip Di Guiseppe is hit by Adam Pelech and loses puck.
11:50 of 2nd period - Seth Helgeson is hit by Mike Sislo and loses puck.
12:03 of 2nd period - Jacob Graves is hit by Kevin Rooney and loses puck.
12:30 of 2nd period - Sam Henley is hit by Phil Varone and loses puck.
13:32 of 2nd period - Garnet Hathaway is hit by Curtis McKenzie and loses puck.
13:43 of 2nd period - Jean-Sebastien Dea is hit by Adam Pelech and loses puck.
14:05 of 2nd period - Derek Grant is hit by Colin Blackwell and loses puck.
14:22 of 2nd period - Seth Helgeson is hit by Joseph Cramarossa and loses puck.
14:41 of 2nd period - Curtis McKenzie is hit by Mike Sislo and loses puck.
14:56 of 2nd period - Snap shot by Phillip Di Guiseppe.
14:56 of 2nd period - Deflect By Kevin Rooney.
14:56 of 2nd period - Stopped by Malcolm Subban with a rebound.
14:58 of 2nd period - Slapshot by Julius Honka.
14:58 of 2nd period - Shot Blocked by Michael Dal Colle.
15:31 of 2nd period - Chris Thorburn is hit by Luke Witkowski and loses puck.
16:15 of 2nd period - Icing by Kevin Rooney.
16:16 of 2nd period - Michael Bournival wins face-off versus Jean-Sebastien Dea in Drummondville Voltigeurs zone.
17:51 of 2nd period - Wrist shot by Curtis McKenzie.
17:51 of 2nd period - Stopped by Malcolm Subban without a rebound.
17:52 of 2nd period - Garnet Hathaway wins face-off versus Mark Olver in Texas Stars zone.
18:17 of 2nd period - Wrist shot by Chris Thorburn.
18:17 of 2nd period - Shot Misses the Net.
18:19 of 2nd period - Wrist shot by Kevin Connauton.
18:19 of 2nd period - Shot Blocked by Jacob Graves.
18:21 of 2nd period - Snap shot by Chris Thorburn.
18:21 of 2nd period - Stopped by Malcolm Subban without a rebound.
18:22 of 2nd period - Jiri Hudler wins face-off versus Chris Thorburn in Texas Stars zone.
18:54 of 2nd period - Backhand shot by Michael Bournival.
18:54 of 2nd period - Goal by Michael Bournival - Drummondville Voltigeurs : 2 - Texas Stars : 4.
18:55 of 2nd period - Tye McGinn wins face-off versus Craig Cunningham in neutral zone.
Goals for this period are 1 for Drummondville Voltigeurs vs 1 for Texas Stars.
Shots for this period are 15 for Drummondville Voltigeurs vs 10 for Texas Stars.

3rd period


0:01 of 3rd period - Tye McGinn wins face-off versus Jiri Hudler in neutral zone.
0:04 of 3rd period - Snap shot by Phillip Di Guiseppe.
0:04 of 3rd period - Stopped by Malcolm Subban without a rebound.
0:05 of 3rd period - Tye McGinn wins face-off versus Jiri Hudler in Texas Stars zone.
0:21 of 3rd period - Wrist shot by Craig Cunningham.
0:21 of 3rd period - Shot Misses the Net.
0:35 of 3rd period - Snap shot by Tyler Pitlick.
0:35 of 3rd period - Deflect By Derek Grant.
0:35 of 3rd period - Stopped by Malcolm Subban with a rebound.
0:37 of 3rd period - Wrist shot by Kevin Connauton.
0:37 of 3rd period - Stopped by Malcolm Subban without a rebound.
0:38 of 3rd period - Tyler Pitlick wins face-off versus Jiri Hudler in Texas Stars zone.
0:43 of 3rd period - Snap shot by Tyler Pitlick.
0:43 of 3rd period - Shot Misses the Net.
0:46 of 3rd period - Icing by Jacob Graves.
0:47 of 3rd period - Tye McGinn wins face-off versus Jiri Hudler in Texas Stars zone.
0:48 of 3rd period - Snap shot by Phillip Di Guiseppe.
0:48 of 3rd period - Shot Blocked by Jiri Hudler.
1:21 of 3rd period - Snap shot by Chris Thorburn.
1:21 of 3rd period - Stopped by Malcolm Subban with a rebound.
1:53 of 3rd period - Snap shot by Danick Martel.
1:53 of 3rd period - Shot Blocked by Kevin Connauton.
1:55 of 3rd period - Snap shot by Danick Martel.
1:55 of 3rd period - Shot Misses the Net.
1:57 of 3rd period - Snap shot by Adam Pelech.
1:57 of 3rd period - Deflect By Jiri Hudler.
1:57 of 3rd period - Shot Misses the Net.
1:57 of 3rd period - Puck is out of play.
1:58 of 3rd period - Jiri Hudler wins face-off versus Mark Olver in Drummondville Voltigeurs zone.
1:59 of 3rd period - Slapshot by Craig Cunningham.
1:59 of 3rd period - Shot Blocked by Sergei Boikov.
2:01 of 3rd period - Slapshot by Adam Pelech.
2:01 of 3rd period - Shot Blocked by Kevin Tansey.
2:03 of 3rd period - Wrist shot by Adam Pelech.
2:03 of 3rd period - Deflect By Jiri Hudler.
2:03 of 3rd period - Stopped by Nick Ellis with a rebound.
2:05 of 3rd period - Snap shot by Craig Cunningham.
2:05 of 3rd period - Stopped by Nick Ellis with a rebound.
2:19 of 3rd period - Minor Penalty to Curtis McKenzie for High sticking.
2:20 of 3rd period - Mike Sislo wins face-off versus Kevin Rooney in Drummondville Voltigeurs zone.
2:45 of 3rd period - Phillip Di Guiseppe is hit by Michael Bournival and loses puck.
2:50 of 3rd period - Wrist shot by Michael Bournival.
2:50 of 3rd period - Shot Blocked by Kevin Connauton.
2:52 of 3rd period - Slapshot by Ryan Murphy.
2:52 of 3rd period - Stopped by Nick Ellis with a rebound.
2:54 of 3rd period - Wrist shot by Brooks Laich.
2:54 of 3rd period - Stopped by Nick Ellis without a rebound.
2:55 of 3rd period - Kevin Rooney wins face-off versus Jiri Hudler in Drummondville Voltigeurs zone.
3:22 of 3rd period - Backhand shot by Michael Bournival.
3:22 of 3rd period - Stopped by Nick Ellis with a rebound.
4:19 of 3rd period - Penalty to Curtis McKenzie is over, Curtis McKenzie is back on ice.
5:37 of 3rd period - Tye McGinn is hit by Luke Witkowski and loses puck.
6:17 of 3rd period - Garnet Hathaway is hit by Sergei Boikov and loses puck.
6:55 of 3rd period - Snap shot by Chris Thorburn.
6:55 of 3rd period - Shot Blocked by Adam Pelech.
6:57 of 3rd period - Wrist shot by Sam Henley.
6:57 of 3rd period - Stopped by Malcolm Subban without a rebound.
6:58 of 3rd period - Michael Bournival wins face-off versus Mark Olver in Texas Stars zone.
7:23 of 3rd period - Seth Helgeson is hit by Luke Witkowski and loses puck.
7:44 of 3rd period - Tyler Pitlick is hit by Jiri Hudler and loses puck.
7:55 of 3rd period - Tyler Pitlick is hit by Joseph Cramarossa.
8:09 of 3rd period - Snap shot by Jean-Sebastien Dea.
8:09 of 3rd period - Goal by Jean-Sebastien Dea - Drummondville Voltigeurs : 3 - Texas Stars : 4.
8:10 of 3rd period - Phil Varone wins face-off versus Tye McGinn in neutral zone.
9:20 of 3rd period - Jean-Sebastien Dea is hit by Phil Varone and loses puck.
9:38 of 3rd period - Wrist shot by Julius Honka.
9:38 of 3rd period - Stopped by Malcolm Subban without a rebound.
9:39 of 3rd period - Mike Sislo wins face-off versus Tye McGinn in Texas Stars zone.
9:46 of 3rd period - Slapshot by Phillip Di Guiseppe.
9:46 of 3rd period - Shot Misses the Net.
9:48 of 3rd period - Slapshot by Phillip Di Guiseppe.
9:48 of 3rd period - Stopped by Malcolm Subban without a rebound.
9:49 of 3rd period - Curtis McKenzie wins face-off versus Jiri Hudler in Texas Stars zone.
9:50 of 3rd period - Wrist shot by Phillip Di Guiseppe.
9:50 of 3rd period - Stopped by Malcolm Subban with a rebound.
9:52 of 3rd period - Snap shot by Curtis McKenzie.
9:52 of 3rd period - Shot Misses the Net.
9:54 of 3rd period - Wrist shot by Curtis McKenzie.
9:54 of 3rd period - Stopped by Malcolm Subban without a rebound.
9:55 of 3rd period - Jiri Hudler wins face-off versus Phillip Di Guiseppe in Texas Stars zone.
10:04 of 3rd period - Slapshot by Luke Witkowski.
10:04 of 3rd period - Shot Misses the Net.
10:06 of 3rd period - Snap shot by Craig Cunningham.
10:06 of 3rd period - Shot Blocked by Curtis McKenzie.
10:08 of 3rd period - Snap shot by Luke Witkowski.
10:08 of 3rd period - Stopped by Nick Ellis without a rebound.
10:09 of 3rd period - Jiri Hudler wins face-off versus Tye McGinn in Drummondville Voltigeurs zone.
10:10 of 3rd period - Snap shot by Craig Cunningham.
10:10 of 3rd period - Stopped by Nick Ellis with a rebound.
10:12 of 3rd period - Slapshot by Jiri Hudler.
10:12 of 3rd period - Stopped by Nick Ellis without a rebound.
10:13 of 3rd period - Jiri Hudler wins face-off versus Tye McGinn in Drummondville Voltigeurs zone.
10:20 of 3rd period - Snap shot by Jiri Hudler.
10:20 of 3rd period - Goal by Jiri Hudler - Drummondville Voltigeurs : 3 - Texas Stars : 5.
10:21 of 3rd period - Tye McGinn wins face-off versus Jiri Hudler in neutral zone.
10:32 of 3rd period - Phillip Di Guiseppe is hit by Adam Pelech.
10:46 of 3rd period - Kevin Connauton is hit by Tobias Lindberg and loses puck.
11:12 of 3rd period - Brooks Laich is hit by Jean-Sebastien Dea.
11:46 of 3rd period - Slapshot by Sergei Boikov.
11:46 of 3rd period - Deflect By Michael Dal Colle.
11:46 of 3rd period - Stopped by Malcolm Subban with a rebound.
11:52 of 3rd period - Slapshot by Ryan Murphy.
11:52 of 3rd period - Stopped by Nick Ellis without a rebound.
11:53 of 3rd period - Garnet Hathaway wins face-off versus Derek Grant in Drummondville Voltigeurs zone.
12:00 of 3rd period - Snap shot by Michael Dal Colle.
12:00 of 3rd period - Shot Misses the Net.
12:02 of 3rd period - Snap shot by Tobias Lindberg.
12:02 of 3rd period - Shot Misses the Net.
12:04 of 3rd period - Slapshot by Luke Witkowski.
12:04 of 3rd period - Shot Misses the Net.
12:06 of 3rd period - Snap shot by Michael Dal Colle.
12:06 of 3rd period - Shot Misses the Net.
12:08 of 3rd period - Wrist shot by Tobias Lindberg.
12:08 of 3rd period - Shot Blocked by Chris Thorburn.
12:10 of 3rd period - Wrist shot by Garnet Hathaway.
12:10 of 3rd period - Shot Misses the Net.
12:15 of 3rd period - Minor Penalty to Kevin Connauton for Holding.
12:16 of 3rd period - Jiri Hudler wins face-off versus Curtis McKenzie in Drummondville Voltigeurs zone.
13:57 of 3rd period - Craig Cunningham is hit by Chris Thorburn and loses puck.
14:15 of 3rd period - Penalty to Kevin Connauton is over, Kevin Connauton is back on ice.
14:32 of 3rd period - Tyler Pitlick is hit by Jacob Graves and loses puck.
14:45 of 3rd period - Sam Henley is hit by Damir Sharipzianov and loses puck.
15:06 of 3rd period - Damir Sharipzianov is hit by Jean-Sebastien Dea and loses puck.
15:47 of 3rd period - Wrist shot by Phillip Di Guiseppe.
15:47 of 3rd period - Stopped by Malcolm Subban with a rebound.
19:32 of 3rd period - Danick Martel is hit by Mark Olver and loses puck.
19:57 of 3rd period - Kevin Tansey is hit by Ryan Murphy and loses puck.
Goals for this period are 1 for Drummondville Voltigeurs vs 1 for Texas Stars.
Shots for this period are 12 for Drummondville Voltigeurs vs 10 for Texas Stars.